 Dungeon Crawl Stone Soup version 0.29.1-12-g30fa7ad0bf (webtiles) character file.

Game seed: 6109039487509350426

162 booth the Magician (level 5, -1/36 HPs)
             Began as a Djinni Conjurer on Jan 17, 2023.
             Slain by Eustachio
             ... wielding a +0 rapier
              (6 damage)
             ... on level 4 of the Dungeon on Jan 18, 2023.
             The game lasted 00:32:48 (5263 turns).

booth the Magician (Djinni Conjurer)                Turns: 5263, Time: 00:32:48

Health: -1/36      AC:  3    Str:  6    XL:     5   Next: 71%
Gold:   227        EV: 13    Int: 22    God:
                   SH:  0    Dex: 11

rFire   + + .      SeeInvis .   d - +0 dagger
rCold   x . .      Faith    .   (no shield)
rNeg    . . .      Spirit   .   a - +0 robe
rPois   ∞          Reflect  .   (no helmet)
rElec   .          Harm     .   p - +0 cloak
rCorr   .          Rampage  .   (no gloves)
Will    .....                   (boots unavailable)
Stlth   ++........              (no amulet)
HPRegen 0.12/turn               (no ring)
MPRegen 0.00/turn               (no ring)

@: flying
A: sickness immunity, fire resistance 2, cold vulnerability 1, float, innate
caster, HP casting, extra vitality 1
a: no special abilities


You were on level 4 of the Dungeon.
You visited 1 branch of the dungeon, and saw 4 of its levels.

You collected 227 gold pieces.

Inventory:

Hand Weapons
 d - a +0 dagger (weapon)
 j - a +0 mace
 t - a +0 war axe
Missiles
 o - 7 poisoned darts
Armour
 a - a +0 robe (worn)
 p - a +0 cloak (worn)
Jewellery
 b - an amulet of faith
Wands
 c - a wand of charming (2)
 n - a wand of roots (11)
Scrolls
 g - 4 scrolls of teleportation
 h - a scroll of torment
 i - a scroll of immolation
 q - a scroll of amnesia
Potions
 e - 2 potions of mutation
 f - 4 potions of cancellation
 k - 2 potions of curing
 l - a potion of attraction
 m - 2 potions of flight


   Skills:
 + Level 0.7 Fighting
 + Level 0.1 Short Blades
 + Level 3.8 Dodging
 + Level 2.0 Stealth
 + Level 4.3 Spellcasting


You couldn't memorise any spells.
You knew the following spells:

 Your Spells              Type           Power      Damage    Failure   Level
a - Magic Dart            Conj           92%        1d7       1%          1
b - Searing Ray           Conj           46%        2d6       2%          2
c - Dazzling Flash        Conj/Hex       46%        N/A       5%          3
d - Fulminant Prism       Conj/Hex       11%        3d9       19%         4
e - Iskenderun's Mystic   Conj/Tloc      23%        2d6       19%         4
f - Shock                 Conj/Air       92%        1d8       1%          1
g - Call Imp              Summ           23%        N/A       2%          2
Your spell library was empty.

Dungeon Overview and Level Annotations

Branches:
Dungeon (4/15)
 Temple: D:4-7

Altars:

Annotations:
D:4 Eustachio


Innate Abilities, Weirdness & Mutations

You are immune to sickness and miasma.
You are immune to poison.
Your flesh is very heat resistant. (rF++)
You are vulnerable to cold. (rC-)
You float through the air rather than walking.
You learn spells naturally, not from books.
Your magical power is your life essence.
You have superior vitality. (+4 MHP)


Message History

It was a scroll of blinking.
It was a potion of flight.
You feel more buoyant.
It was a potion of attraction.
You feel attractive to monsters.
You start waiting.
You feel less attractive to monsters.
Found 9 gold pieces.
Found 7 gold pieces.
Found 5 gold pieces.
Eustachio the Magnificent comes into view.
He is wielding a +0 rapier.
Found a tubular gilded ring.
Eustachio shouts!
Eustachio attacks as you move away! Eustachio hits you with a +0 rapier.
Casting: Searing Ray (safe; 2% risk of failure)
Confirm with . or Enter, or press ? or * to list all spells.
Aiming: Searing Ray (safe; 2% risk of failure)
Press: ? - help, Shift-Dir - straight line, f - Eustachio
Aim: Eustachio, wielding a +0 rapier and wearing a +0 leather armour (69% to hit)
The searing ray misses Eustachio. (Press . to maintain the ray.) Eustachio barely misses you.
The searing ray misses Eustachio.
Eustachio hits you with a +0 rapier!
The searing ray hits Eustachio.
Eustachio is lightly wounded.
Eustachio hits you with a +0 rapier!
The searing ray hits Eustachio but does no damage.
Eustachio is lightly wounded.
You finish channelling your searing ray.
Eustachio hits you with a +0 rapier.
* * * LOW HITPOINT WARNING * * *
Casting: Searing Ray (safe; 2% risk of failure)
Confirm with . or Enter, or press ? or * to list all spells.
Casting: Dazzling Flash (dangerous; 5% risk of failure)
Press: ? - help, Dir - look around, f - activate Look: Eustachio, wielding a +0 rapier and wearing a +0 leather armour (lightly wounded, chance to dazzle: 62%) Eustachio is dazzled.
* * * LOW HITPOINT WARNING * * *
Eustachio hits you with a +0 rapier.
You die...

#....#.#....)......o.#
#...#.###..#####..#.#
#...#..##...# #...##
#....#....#..# #...###
#....###..##.... ......#
#....# #..# #####.......
#....###..# .......
#...).....#######.$.....
#.)............@@.....$.
#.........#######....$^.
#.........# .......
########.## .=..... #.#
####### ###


You could see Eustachio (blind).

Vanquished Creatures
  Natasha (twice) (D:3)
  3 adders
  A white imp (D:3)
  3 worms (D:2)
  A dart slug (D:1)
  2 orcs
  3 bats
  3 endoplasms
  A giant cockroach (D:4)
  9 goblins
  9 hobgoblins
  8 kobolds
  5 quokkas
  5 ball pythons
  2 frilled lizards
  4 rats
61 creatures vanquished.

Notes
Turn   | Place    | Note
-------+----------+-------------------------------------------
     0 | D:1      | booth the Djinni Conjurer began the quest for the Orb.
     0 | D:1      | booth set off with the following spells memorised: Magic
                  | Dart, Searing Ray, Dazzling Flash, Fulminant Prism,
                  | Iskenderun's Mystic Blast.
     0 | D:1      | Reached XP level 1. HP: 15/15 MP: 0/0
   340 | D:1      | Reached XP level 2. HP: 19/21 MP: 0/0
  1194 | D:1      | Reached XP level 3. HP: 21/25 MP: 0/0
  1194 | D:1      | Learned a level 1 spell: Shock
  1962 | D:2      | HP: 1/25 [worm (9)]
  2279 | D:2      | Reached skill level 4 in Spellcasting
  2628 | D:2      | Reached XP level 4. HP: 28/31 MP: 0/0
  3318 | D:3      | Noticed Natasha
  3923 | D:3      | Found a faded altar of an unknown god.
  4209 | D:3      | Killed Natasha
  4210 | D:3      | Reached XP level 5. HP: 30/35 MP: 0/0
  4210 | D:3      | Learned a level 2 spell: Call Imp
  4334 | D:3      | Noticed Natasha
  4340 | D:3      | Killed Natasha
  5257 | D:4      | Noticed Eustachio
  5263 | D:4      | Slain by Eustachio

Illustrated notes

Levels and vault maps discovered:
D:1:      dpeg_cavernosity, layout_loops_ring
D:2:      layout_loops_cross, minmay_fractal_squares_5
D:3:      layout_basic, shapermc_ecumenical_altar_ellora, uniq_natasha
D:4:      layout_rooms, uniq_eustachio

Skill      XL: |  1  2  3  4 |
---------------+-------------+-----
Spellcasting   | 4 |  4.3
Stealth        | 2 |  2.0
Dodging        | 3 |  3.8
Fighting       | |  0.7
Short Blades   | |  0.1

Action                   |  1- 3 |  4- 6 || total
-------------------------+-------+-------++-------
Melee: Unarmed           |     1 |       ||     1
       Dagger            |    22 |    46 ||    68
       Punch             |     1 |       ||     1
 Cast: Magic Dart        |    42 |    25 ||    67
       Searing Ray       |     5 |     9 ||    14
       Dazzling Flash    |       |     1 ||     1
  Use: Scroll            |     3 |     8 ||    11
       Potion            |       |     2 ||     2
 Stab: Sleeping          |       |     2 ||     2
Armor: Robe              |     7 |     9 ||    16
Dodge: Dodged            |    27 |    38 ||    65
